 Dungeon Crawl Stone Soup version 0.28-a0-1506-g3893175d92 (webtiles) character file.

Game seed: 1046180861507921310

2589 HallandMoats the Fighter (level 9, -8/82 HPs)
             Began as a Ghoul Hunter on Jan 14, 2022.
             Was an Initiate of Gozag.
             Engulfed by a cloud of flame (14 damage)
             ... on level 8 of the Dungeon.
             The game lasted 00:10:24 (8877 turns).

HallandMoats the Fighter (Ghoul Hunter)             Turns: 8877, Time: 00:10:25

Health: -8/82      AC: 19    Str: 21    XL:     9   Next: 58%
Magic:  8/8        EV: 12    Int:  6    God:    Gozag
Gold:   1106       SH:  0    Dex: 11    Spells: 8/8 levels left

rFire   . . .      SeeInvis .   b - +1 demon whip (venom)
rCold   + . .      Faith    .   (no shield)
rNeg    + + +      Spirit   .   o - +0 ring mail
rPois   ∞          Reflect  .   l - +0 helmet
rElec   .          Harm     .   (no cloak)
rCorr   .          Rampage  .   E - +1 pair of gloves {Str+3}
Will    .....                   y - +1 pair of boots
Stlth   +.........              (no amulet)
HPRegen 0.00/turn               v - +4 ring of protection
MPRegen 0.11/turn               x - +4 ring of protection

@: gold aura, inhibited regen
A: claws 1, cold resistance 1, negative energy resistance 3, inhibited
regeneration, torment resistance 2
a: Renounce Religion, Potion Petition, Call Merchant, Bribe Branch


You were on level 8 of the Dungeon.
You worshipped Gozag.
Gozag was most pleased with you.
You visited 1 branch of the dungeon, and saw 8 of its levels.
You also visited: Ossuary.

You collected 1106 gold pieces.

Inventory:

Hand Weapons
 a - a +1 hunting sling
 b - a +1 demon whip of venom (weapon)
 z - a +4 morningstar of freezing
Missiles
 d - 82 sling bullets
 e - 133 stones (quivered)
Armour
 l - a +0 helmet (worn)
 o - a +0 ring mail (worn)
 y - a +1 pair of boots (worn)
 E - a +1 pair of gloves of strength (worn)
 L - a +0 leather armour of fire resistance
Jewellery
 v - a +4 ring of protection (left hand)
 x - a +4 ring of protection (right hand)
Wands
 q - a wand of acid (16)
 w - a wand of charming (10)
 B - a wand of flame (21)
 C - a wand of iceblast (16)
Scrolls
 c - 4 scrolls of immolation
 f - 3 scrolls of teleportation {unknown}
 g - a scroll of enchant weapon {unknown}
 h - 2 scrolls of holy word {unknown}
 k - 6 scrolls of identify {unknown}
 r - 2 scrolls of noise {unknown}
 s - 3 scrolls of fog {unknown}
 t - a scroll of summoning {unknown}
 F - a scroll of magic mapping {unknown}
 J - a scroll of amnesia {unknown}
 K - 2 scrolls of blinking {unknown}
 N - a scroll of torment {unknown}
Potions
 i - 5 potions of heal wounds {unknown}
 j - 3 potions of degeneration {unknown}
 m - a potion of brilliance {unknown}
 n - a potion of ambrosia {unknown}
 p - a potion of attraction {unknown}
 u - 2 potions of curing {unknown}
 A - 3 potions of berserk rage {unknown}
 D - a potion of lignification {unknown}
 G - 2 potions of mutation {unknown}
 H - a potion of cancellation {unknown}
 I - 2 potions of flight {unknown}
 M - a potion of haste {unknown}


   Skills:
 * Level 8.3 Fighting
 * Level 0.7 Maces & Flails
 + Level 7.6 Slings
 + Level 4.5 Armour
 + Level 4.9 Dodging
 - Level 1.1 Stealth


You had 8 spell levels left.
You didn't know any spells.
Your spell library contained the following spells:

 Spells                   Type           Power      Damage    Failure   Level
 Freeze                   Ice            0%         1d3       61%         1
 Summon Small Mammal      Summ           0%         N/A       61%         1
 Ensorcelled Hibernation  Hex/Ice        0%         N/A       75%         2
 Call Canine Familiar     Summ           0%         N/A       93%         3
 Frozen Ramparts          Ice            0%         1d2       93%         3
 Summon Guardian Golem    Hex/Summ       0%         N/A       93%         3
 Anguish                  Hex/Necr       0%         N/A       100%        4
 Hailstorm                Conj/Ice       0%         3d3       100%        4
 Summon Forest            Summ/Tloc      0%         N/A       100%        5
 Eringya's Noxious Bog    Tmut/Pois      0%         N/A       100%        6
 Summon Hydra             Summ           0%         N/A       100%        7
 Spider Form              Tmut/Pois      Unusable   N/A       N/A         3

Dungeon Overview and Level Annotations

Branches:
Dungeon (8/15)             Temple (0/1) D:4         Ossuary (visited)
   Lair: D:8-11

Altars:
Fedhas
Gozag

Shops:
D:4 [

Annotations:
D:8 Harold


Innate Abilities, Weirdness & Mutations

You thrive by killing the living.
You are immune to poison.
You have sharp fingernails.
Your flesh is cold resistant. (rC+)
You are immune to negative energy. (rN+++)
You do not regenerate when monsters are visible.
You are immune to unholy pain and torment.


Message History

You are too injured to fight recklessly!
You are too injured to fight recklessly!
You are too injured to fight recklessly!
You are too injured to fight recklessly!
You are too injured to fight recklessly!
You are too injured to fight recklessly!
You are too injured to fight recklessly!
You are too injured to fight recklessly!
You are too injured to fight recklessly!
You are too injured to fight recklessly!
You are too injured to fight recklessly!
You are too injured to fight recklessly!
You are too injured to fight recklessly!
You are too injured to fight recklessly!
You are too injured to fight recklessly!
You are too injured to fight recklessly!
You are too injured to fight recklessly!
You are too injured to fight recklessly!
You are too injured to fight recklessly!
You are too injured to fight recklessly!
You are too injured to fight recklessly!
You are too injured to fight recklessly!
The kobold is no longer distracted by gold.
Okay, then.
As you read the scroll labelled URAURA CUVIX, it crumbles to dust.
The creatures around you are filled with an inner flame!
It was a scroll of immolation.
The kobold brigand hits you with a +0 club.
* * * LOW HITPOINT WARNING * * *
Your +1 demon whip of venom begins to drip with poison!
b - a +1 demon whip of venom (weapon)
You whack the kobold brigand!
The kobold brigand explodes!
The fiery explosion engulfs Harold!!!
Flame seeps out of Harold.
Harold is heavily wounded.
The fiery explosion engulfs you!!
* * * LOW HITPOINT WARNING * * *
You are engulfed in blazing flames.
You die...
Your body crumbles into a pile of gold.

#................>.#
#................##
##..[............#
#..............## ##
##.............# #.
##...........## ##. ##
##.........## #..
##$#####........# ##..
#$(K@$@.........## #...
..((..>.######....##.###...
......... ##..####.#....
(#(....... #### ##.....
#.......## #.....
#.......## #### ##..##
#......## ##..### ##...
......# ###.....# ##..
###.......# ###.


You could see Harold (inner flame) and a kobold (inner flame).

Vanquished Creatures
  Duvessa (D:7)
  A water moccasin (D:6)
  2 ice beasts
  A sky beast (D:6)
  2 black bears
  2 ogres (D:4)
  A centaur (D:6)
  A necrophage (D:5)
  4 kobold brigands
  A wyvern zombie (D:5)
  2 scorpions
  2 bullfrogs
  3 water moccasin zombies (Ossuary)
  A wyvern skeleton (D:5)
  Dowan (D:7)
  6 wights
  3 hounds
  A bullfrog skeleton (D:5)
  4 iguanas
  2 orc wizards (D:7)
  A hound skeleton (D:4)
  2 mummies (Ossuary)
  Robin (D:2)
  6 adders
  A howler monkey skeleton (D:7)
  3 ufetubi
  An adder skeleton (D:4)
  5 adder zombies (Ossuary)
  A worm (D:4)
  2 dart slugs (D:1)
  11 orcs
  6 endoplasms
  6 giant cockroaches
  2 gnoll zombies (Ossuary)
  17 goblins
  6 hobgoblins
  18 kobolds
  3 quokkas
  6 ball pythons
  4 bats
  A frilled lizard (D:2)
  5 hobgoblin zombies (Ossuary)
  4 kobold zombies (Ossuary)
  4 orc zombies (Ossuary)
  5 rats
162 creatures vanquished.

Vanquished Creatures (others)
  11 plants (D:4)
11 creatures vanquished.

Grand Total: 173 creatures vanquished

Notes
Turn   | Place    | Note
-------+----------+-------------------------------------------
     0 | D:1      | HallandMoats the Ghoul Hunter began the quest for the Orb.
     0 | D:1      | Reached XP level 1. HP: 17/17 MP: 0/0
   135 | D:1      | Reached XP level 2. HP: 18/25 MP: 1/1
   810 | D:2      | Reached XP level 3. HP: 30/30 MP: 2/2
   904 | D:2      | Found a faded altar of an unknown god.
   914 | D:2      | Noticed Robin
   919 | D:2      | Reached skill level 1 in Armour
  1228 | D:2      | Reached skill level 3 in Fighting
  1233 | D:2      | Killed Robin
  1409 | D:2      | Reached XP level 4. HP: 38/38 MP: 3/3
  1651 | D:2      | Prayed at the altar of an unknown god.
  1651 | D:2      | Became a worshipper of Gozag Ym Sagoz the Greedy
  1756 | D:2      | Reached XP level 5. HP: 45/45 MP: 4/4
  2755 | D:4      | Noticed an ogre
  2761 | D:4      | Killed an ogre
  2762 | D:4      | Reached skill level 4 in Fighting
  2762 | D:4      | Reached XP level 6. HP: 52/52 MP: 5/5
  2794 | D:4      | Found a staircase to the Ecumenical Temple.
  2962 | D:4      | Found Xistruig's Armour Shop.
  3096 | D:4      | Noticed an ice beast
  3123 | D:4      | Killed an ice beast
  3124 | D:4      | Reached skill level 5 in Slings
  3440 | D:4      | Reached XP level 7. HP: 60/60 MP: 6/6
  3543 | D:4      | Found a blossoming altar of Fedhas.
  3559 | D:4      | Reached skill level 5 in Fighting
  3984 | D:5      | Entered Level 5 of the Dungeon
  4687 | D:5      | Reached skill level 6 in Fighting
  4687 | D:5      | Reached XP level 8. HP: 6/70 MP: 7/7
  6641 | D:6      | Reached skill level 7 in Fighting
  7285 | D:7      | Found a sand-covered staircase.
  7297 | Ossuary  | Entered an ossuary
  7404 | Ossuary  | Reached XP level 9. HP: 64/79 MP: 8/8
  8204 | D:7      | Reached skill level 8 in Fighting
  8285 | D:7      | Noticed Dowan
  8286 | D:7      | Noticed Duvessa
  8293 | D:7      | Killed Duvessa
  8309 | D:7      | Killed Dowan
  8856 | D:8      | Noticed Harold
  8877 | D:8      | Engulfed by a cloud of flame

Illustrated notes

Levels and vault maps discovered:
D:1:      minmay_arrival_arboretum_small, layout_loops_ring
D:2:      layout_basic, nicolae_ecumenical_lake_church, minmay_circle_x,
          uniq_robin
D:3:      layout_loops_ring
D:4:      layout_basic, lemuel_tele_altar, minmay_temple_entry_tees,
          serial_shops, shop_statue, serial_bayou_pond_c,
          minmay_misc_feat_rugged
D:5:      layout_basic
D:6:      layout_basic
D:7:      layout_cave_pools, lightli_ossuary_entry_decrepit_ruins,
          ebering_dispersal_statue_hall, uniq_duvessa
D:8:      minmay_razor_zed, layout_cave_pods, uniq_harold

Skill      XL: |  1  2  3  4  5  6  7  8  9 |
---------------+----------------------------+-----
Dodging        | 2 3 4 |  4.9
Slings         | 4 5 7 |  7.6
Armour         | 1 2 3 4 |  4.5
Fighting       | 3 4 6 7 8 |  8.3
Maces & Flails | |  0.7
Stealth        | |  1.1

Action                   |  1- 3 |  4- 6 |  7- 9 || total
-------------------------+-------+-------+-------++-------
Melee: Dagger            |       |     4 |    25 ||    29
       Punch             |       |     1 |     2 ||     3
       Demon whip        |       |       |    52 ||    52
 Fire: Hunting sling     |   111 |   223 |   502 ||   836
  Use: Scroll            |       |       |     1 ||     1
Armor: Leather armour    |     9 |    16 |       ||    25
       Ring mail         |       |    30 |   180 ||   210
Dodge: Dodged            |    22 |    79 |   223 ||   324

Table legend: (Time is in decaauts)
 A = Elapsed time spent in this place.
 B = Non-inter-level travel time spent in this place.
 C = Inter-level travel time spent in this place.
 D = Time resting spent in this place.
 E = Time spent auto-exploring this place.
 F = Levels seen in this place.
 G = Mean time per level.
                   A        B        C        D        E       F      G
               +--------+--------+--------+--------+--------+-----+--------+
         Total |   8808 |   8554 |    254 |   1678 |   5387 |   9 |  978.7 |
       Dungeon |   8426 |   8172 |    254 |   1678 |   5131 |   8 | 1053.2 |
       Ossuary |    382 |    382 |      0 |      0 |    256 |   1 |  382.0 |
               +--------+--------+--------+--------+--------+-----+--------+

Top non-repeatable levels by time:
     D:5: 2136 daAuts
     D:4: 1254 daAuts
     D:2: 1091 daAuts
     D:1: 1065 daAuts
     D:6: 1059 daAuts
     D:7: 877 daAuts
     D:3: 598 daAuts
 Ossuary: 382 daAuts
     D:8: 343 daAuts
